 Dungeon Crawl Stone Soup version 0.19.1-1-g22dce08 (webtiles) character file.

2649 McKennaii the Thaumaturge (level 9, -6/54 HPs)
             Began as a High Elf Air Elementalist on Jan 7, 2017.
             Was a Believer of Sif Muna.
             Mangled by a skeletal warrior
             ... wielding a +0 dire flail
              (18 damage)
             ... on level 6 of the Dungeon.
             The game lasted 00:21:55 (6570 turns).

McKennaii the Thaumaturge (HEAE)                    Turns: 6570, Time: 00:21:56

Health: -6/54      AC:  4    Str:  7    XL:     9   Next: 36%
Magic:  18/22      EV: 15    Int: 22    God:    Sif Muna [**....]
Gold:   336        SH:  0    Dex: 17    Spells: 5 memorised, 12 levels left

rFire  . . .     SeeInvis .       - Unarmed
rCold  . . .     Gourm    .     r - +0 robe {MR+}
rNeg   . . .     Faith    .     (no shield)
rPois  .         Spirit   .     (no helmet)
rElec  .         Reflect  .     f - +0 cloak
rCorr  .         Harm     .     C - +0 pair of gloves
MR     +....                    (no boots)
Stlth  +++.......               (no amulet)
                                (no ring)
                                (no ring)

@: no status effects
A: no striking features
a: Divine Energy, Renounce Religion


You were on level 6 of the Dungeon.
You worshipped Sif Muna.
Sif Muna was pleased with you.
You were not hungry.

You visited 2 branches of the dungeon, and saw 8 of its levels.

You collected 336 gold pieces.

Inventory:

Armour
 f - a +0 cloak (worn)
 r - a +0 robe of magic resistance (worn)
 C - a +0 pair of gloves (worn)
Jewellery
 c - a +4 ring of dexterity {unknown}
 j - a +3 ring of strength {unknown}
Wands
 o - a wand of polymorph (15/24)
 E - a wand of confusion (6/48)
Scrolls
 d - a scroll of amnesia {unknown}
 e - a scroll of recharging {unknown}
 g - 4 scrolls of remove curse {unknown}
 l - a scroll of enchant weapon {unknown}
 q - 2 scrolls of enchant armour {unknown}
 s - a scroll of immolation {unknown}
 u - 2 scrolls of teleportation {unknown}
 w - a scroll of blinking {unknown}
 x - 2 scrolls of fog {unknown}
 y - 5 scrolls of identify {unknown}
 F - a scroll of noise {unknown}
 I - a scroll of random uselessness {unknown}
Potions
 a - a potion of berserk rage {unknown}
 h - 2 potions of lignification {unknown}
 i - a potion of magic {unknown}
 m - 2 potions of ambrosia {unknown}
 p - 2 potions of might {unknown}
 t - a potion of curing
 z - 4 potions of heal wounds {unknown}
 B - 2 potions of agility {unknown}
 D - a potion of cancellation {unknown}
 G - a potion of invisibility {unknown}
 H - 2 potions of flight {unknown}
 J - a potion of haste {unknown}
Books
 b - a book of Air

   Spells                             Type                      Level
   a - Shock                          Conjuration/Air              1
   b - Swiftness                      Charms/Air                   2
   c - Repel Missiles                 Charms/Air                   2
   d - Static Discharge               Conjuration/Air              3
   e - Lightning Bolt                 Conjuration/Air              5
 n - a book of Misfortune

   Spells                             Type                      Level
   a - Confusing Touch                Hexes                        1
   b - Confuse                        Hexes                        3
   c - Gell's Gravitas                Hexes/Translocation          3
   d - Petrify                        Transmutation/Earth          4
   e - Metabolic Englaciation         Hexes/Ice                    5
   f - Yara's Violent Unravelling     Hexes/Transmutation          5
Comestibles
 k - 2 bread rations
 v - 2 meat rations
 A - 4 fruits


   Skills:
 + Level 2.1 Fighting
 + Level 4.4 Dodging
 + Level 3.8 Stealth
 + Level 1.4 Unarmed Combat
 + Level 8.6 Spellcasting
 + Level 6.5 Conjurations
 + Level 0.8 Charms
 + Level 8.4 Air Magic


You had 12 spell levels left.
You knew the following spells:

 Your Spells              Type           Power        Failure   Level  Hunger
a - Shock                 Conj/Air       ####         1%          1    None
b - Swiftness             Chrm/Air       ####....     1%          2    None
c - Repel Missiles        Chrm/Air       ####..       1%          2    None
d - Static Discharge      Conj/Air       #####...     1%          3    None
e - Lightning Bolt        Conj/Air       #####.....   12%         5    #####..


Dungeon Overview and Level Annotations

Branches:
Dungeon (7/15)             Temple (1/1) D:4

Altars:
Ashenzari
Cheibriados
Dithmenos
Elyvilon
Fedhas
Gozag
Hepliaklqana
Kikubaaqudgha
Makhleb
Nemelex Xobeh
Okawaru
Qazlal
Ru
Sif Muna
Trog
Uskayaw
Vehumet
Xom
Yredelemnul
Zin
The Shining One

Shops:
D:5 **   D:6 (


Message History

The freed slave closely misses the skeletal warrior.
There is a stone staircase leading up here.
Casting: Shock
Confirm with . or Enter, or press ? or * to list all spells.
Aiming: Lightning Bolt
Press: ? - help, Shift-Dir - straight line, f/p - skeletal warrior
Aim: a skeletal warrior, wielding a dire flail
Okay, then.
Casting: Lightning Bolt
Confirm with . or Enter, or press ? or * to list all spells.
Aiming: Lightning Bolt
Press: ? - help, Shift-Dir - straight line, p - skeletal warrior You hear a mighty clap of thunder!
The bolt of lightning misses the skeletal warrior.
The bolt of lightning hits the skeletal warrior.
The skeletal warrior is moderately damaged.
The skeletal warrior hits you with a dire flail!!
* * * LOW HITPOINT WARNING * * *
The skeletal warrior hits you with a dire flail!!
You die...

.###.# #.......# #.#####.#).
#....# #.......#######.#
#.#.. .....##
##########......## #>#..
##....# #......# #.###...#
#.#.. ####.# #.####.#
#.##..#.# #.#.. #.###.####.#
#.##[...# #..(. #........#.#
#......## ###..
#####.##.#.######.#######....
#.##...<@z....#.....#.###
#......########.###......
######## #......#.##.
#..###.#.... #..###.#####
#∩...#.# ## #.##.#.####.
#.....)#.... ###...##....


You could see a skeletal warrior.

Vanquished Creatures
  Pikel (D:6)
  The ghost of McKennaii the Gusty, a novice HEAE of Sif Muna (D:5)
  Grinder (D:3)
  Menkaure (D:6)
  Duvessa (D:6)
  An orc warrior (D:7)
  2 eyes of draining (D:6)
  A phantom (D:4)
  2 slaves (D:6)
  2 ogres
  A centaur (D:5)
  Dowan (D:6)
  A scorpion (D:4)
  A howler monkey (D:4)
  4 crimson imps
  A hound (D:7)
  5 orc wizards
  A jelly (D:5)
  A gnoll shaman (D:5)
  3 orc priests
  An iguana (D:5)
  A killer bee zombie (D:6)
  9 gnolls
  8 adders
  A shadow imp (D:7)
  An ooze (D:4)
  2 adder skeletons (D:4)
  2 worms
  2 dart slugs
  6 leopard geckos
  15 orcs
  12 bats
  4 giant cockroaches
  4 goblins
  4 hobgoblins
  5 jackals
  9 kobolds
  3 quokkas
  2 frilled lizards
  A leopard gecko skeleton (D:4)
  A quokka skeleton (D:5)
  6 rats
131 creatures vanquished.

Vanquished Creatures (others)
  2 slaves (D:6)
2 creatures vanquished.

Grand Total: 133 creatures vanquished

Notes
Turn   | Place    | Note
-------+----------+-------------------------------------------
     0 | D:1      | McKennaii the High Elf Air Elementalist began the quest for the Orb.
     0 | D:1      | Reached XP level 1. HP: 11/11 MP: 4/4
   416 | D:1      | Reached XP level 2. HP: 17/17 MP: 3/6
   420 | D:1      | Learned a level 2 spell: Swiftness
   423 | D:1      | Learned a level 2 spell: Repel Missiles
  1441 | D:2      | Reached XP level 3. HP: 9/21 MP: 6/8
  2240 | D:3      | Noticed Grinder
  2243 | D:3      | Reached XP level 4. HP: 27/27 MP: 5/10
  2255 | D:3      | Killed Grinder
  2255 | D:3      | Reached skill level 5 in Air Magic
  2255 | D:3      | Reached XP level 5. HP: 30/32 MP: 0/12
  2255 | D:3      | Reached XP level 6. HP: 34/37 MP: 0/13
  3048 | D:4      | Reached skill level 5 in Spellcasting
  3048 | D:4      | Reached XP level 7. HP: 29/42 MP: 0/15
  3165 | D:4      | Found a white marble altar of Elyvilon.
  3283 | D:4      | Found a staircase to the Ecumenical Temple.
  3293 | Temple   | Entered the Ecumenical Temple
  3383 | Temple   | Became a worshipper of Sif Muna the Loreminder
  3621 | D:5      | Entered Level 5 of the Dungeon
  3955 | D:5      | Reached skill level 1 in Fighting
  3984 | D:5      | Found Jireigin's General Store.
  4040 | D:5      | Reached XP level 8. HP: 48/48 MP: 13/18
  4091 | D:5      | Found Vubow's General Store.
  4319 | D:5      | Found a snail-covered altar of Cheibriados.
  4477 | D:5      | Noticed McKennaii's ghost (novice HEAE)
  4510 | D:5      | Killed McKennaii's ghost
  4510 | D:5      | Reached * piety under Sif Muna
  4510 | D:5      | Reached skill level 5 in Conjurations
  4581 | D:5      | Found an iron altar of Okawaru.
  5217 | D:6      | Noticed Menkaure
  5230 | D:6      | Killed Menkaure
  5247 | D:6      | Learned a level 3 spell: Static Discharge
  5253 | D:6      | Learned a level 5 spell: Lightning Bolt
  5432 | D:6      | Found Car Xush's Weapon Shoppe.
  5464 | D:6      | Found an opulent altar of Gozag.
  5469 | D:6      | Found Gozag's Platinum Reserve.
  5591 | D:6      | Found a bloodstained altar of Trog.
  5728 | D:6      | Noticed Pikel
  5748 | D:6      | Killed Pikel
  5748 | D:6      | Reached skill level 1 in Unarmed Combat
  5748 | D:6      | Reached XP level 9. HP: 52/54 MP: 3/22
  5962 | D:6      | Noticed Duvessa
  5962 | D:6      | Noticed Dowan
  5975 | D:6      | Killed Duvessa
  5975 | D:6      | Reached ** piety under Sif Muna
  5976 | D:6      | Killed Dowan
  6412 | D:7      | Found a bloodstained altar of Trog.
  6429 | D:7      | Noticed a skeletal warrior
  6429 | D:7      | Noticed a skeletal warrior
  6429 | D:7      | Noticed a skeletal warrior
  6433 | D:7      | Noticed a skeletal warrior
  6570 | D:6      | Mangled by a skeletal warrior

Skill      XL: |  1  2  3  4  5  6  7  8 |
---------------+-------------------------+-----
Air Magic      | 4 5 6 8 |  8.4
Spellcasting   | 3 4 5 6 8 |  8.6
Dodging        | 3 4 |  4.4
Conjurations   | 3 4 6 |  6.5
Stealth        | 3 |  3.8
Fighting       | 1 2 |  2.1
Unarmed Combat | 1 |  1.4
Charms         | |  0.8

Action                   |  1- 3 |  4- 6 |  7- 9 || total
-------------------------+-------+-------+-------++-------
Melee: Unarmed           |    32 |    19 |    15 ||    66
 Cast: Shock             |    84 |    77 |   217 ||   378
       Repel Missiles    |       |       |     1 ||     1
       Swiftness         |       |       |     1 ||     1
       Lightning Bolt    |       |       |     1 ||     1
  Eat: Bread ration      |     1 |       |     1 ||     2
       Pizza             |       |     1 |     1 ||     2
       Meat ration       |       |     1 |       ||     1
Armor: Robe              |     8 |     7 |     9 ||    24
Dodge: Dodged            |    31 |    28 |    37 ||    96
       Deflected         |       |       |     1 ||     1
